 Dungeon Crawl Stone Soup version 0.29-a0-25-g7f48f510a0 (webtiles) character file.

Game seed: 7827390217304738631

959 Peloso the Slasher (level 7, -3/93 HPs)
             Began as a Minotaur Fighter on Jan 31, 2022.
             Slain by a gnoll sergeant (7 damage)
             ... on level 6 of the Dungeon.
             The game lasted 00:08:28 (5264 turns).

Peloso the Slasher (Minotaur Fighter)               Turns: 5264, Time: 00:08:29

Health: -3/93      AC: 10    Str: 21    XL:     7   Next: 91%
Magic:  6/6        EV:  4    Int:  5    God:
Gold:   190        SH:  0    Dex: 11    Spells: 6/6 levels left

rFire   . . .      SeeInvis .   a - +0 long sword
rCold   . . .      Faith    .   c - +0 buckler
rNeg    . . .      Spirit   .   q - +0 chain mail
rPois   +          Reflect  .   (helmet restricted)
rElec   .          Harm     .   (no cloak)
rCorr   .          Rampage  +   (no gloves)
Will    .....                   (no boots)
Stlth   ..........              r - amulet "Zoyg Pos" {RegenMP Rampage Fly rPois}
HPRegen 0.25/turn               (no ring)
MPRegen 0.50/turn               (no ring)

@: berserking, flying, held, very quick
A: horns 2, retaliatory headbutt
a: no special abilities


You were on level 6 of the Dungeon.
You visited 2 branches of the dungeon, and saw 7 of its levels.
You also visited: Sewer.

You collected 190 gold pieces.

Inventory:

Hand Weapons
 a - a +0 long sword (weapon)
Missiles
 B - a throwing net (quivered)
Armour
 b - a +0 scale mail
 c - a +0 buckler (worn)
 q - a +0 chain mail (worn)
Jewellery
 g - an amulet of reflection
 k - an amulet of guardian spirit
 r - the amulet "Zoyg Pos" (around neck) {RegenMP Rampage Fly rPois}
   (You found it on level 4 of the Dungeon)

   [amulet of magic regeneration]

   It increases your rate of magic regeneration.
   rPois:     It protects you from poison.
   Fly:       It grants you flight.
   Rampage:   It bestows one free step when moving towards enemies.
Wands
 s - a wand of polymorph (9)
Scrolls
 f - a scroll of amnesia
 h - 2 scrolls of blinking
 i - 3 scrolls of teleportation
 m - 2 scrolls of vulnerability {unknown}
 u - a scroll of fear {unknown}
 x - a scroll of enchant armour {unknown}
 y - 2 scrolls of noise {unknown}
 z - 2 scrolls of identify
Potions
 d - a potion of might
 j - 4 potions of brilliance
 l - 2 potions of curing
 n - 2 potions of heal wounds {unknown}
 o - a potion of resistance {unknown}
 p - 3 potions of flight {unknown}
 t - 2 potions of haste {unknown}
 v - 3 potions of mutation {unknown}
 w - 2 potions of magic {unknown}
 A - a potion of attraction {unknown}


   Skills:
 + Level 5.9 Fighting
 + Level 7.3 Long Blades
 + Level 6.3 Armour
 + Level 2.3 Dodging
 + Level 5.0 Shields


You had 6 spell levels left.
You didn't know any spells.
Your spell library contained the following spells:

 Spells                   Type           Power      Damage    Failure   Level
 Magic Dart               Conj           0%         1d3       99%         1
 Call Imp                 Summ           0%         N/A       100%        2
 Corpse Rot               Necr/Air       0%         N/A       100%        2
 Poisonous Vapours        Pois/Air       0%         N/A       100%        2
 Sublimation of Blood     Necr           0%         N/A       100%        2
 Frozen Ramparts          Ice            0%         1d2       100%        3
 Gell's Gravitas          Tloc           0%         N/A       100%        3
 Lesser Beckoning         Tloc           0%         N/A       100%        3
 Mephitic Cloud           Conj/Pois/Air  0%         N/A       100%        3
 Teleport Other           Tloc           0%         N/A       100%        3
 Ice Form                 Ice/Tmut       0%         N/A       100%        4
 Petrify                  Tmut/Erth      0%         N/A       100%        4
 Summon Ice Beast         Ice/Summ       0%         N/A       100%        4
 Irradiate                Conj/Tmut      0%         3d13      100%        5


Dungeon Overview and Level Annotations

Branches:
Dungeon (6/15)             Temple (1/1) D:4           Sewer (visited)

Altars:
Cheibriados
Dithmenos
Elyvilon
Fedhas
Kikubaaqudgha
Makhleb
Nemelex Xobeh
Qazlal
Sif Muna
Wu Jian
Yredelemnul
Zin
The Shining One


Innate Abilities, Weirdness & Mutations

You have a pair of horns on your head.
You reflexively headbutt those who attack you in melee.


Message History

You struggle against the net.
You feel sick.
The gnoll hits you from afar with a +0 spear.
The orc hits you with a +0 club.
The gnoll sergeant hits you from afar with a +1 spear of venom.
You are more poisoned.
The orc hits you but does no damage.
An orc warrior comes into view. It is wielding a +0 glaive.
The gnoll hits you from afar with a +0 spear.
Unknown command.
You struggle against the net.
You feel very sick.
The gnoll hits you from afar with a +0 spear.
The orc hits you but does no damage.
The gnoll sergeant hits you from afar with a +1 spear of venom!
* * * LOW HITPOINT WARNING * * *
You are more poisoned.
The orc hits you but does no damage. The gnoll hits you but does no damage.
The gnoll barely misses you.
Unknown command.
You feel better.
The gnoll hits you from afar with a +0 spear.
* * * LOW HITPOINT WARNING * * *
The orc hits you but does no damage. The gnoll sergeant barely misses you.
The orc hits you but does no damage. x2; The gnoll hits you with a +0 whip.
* * * LOW HITPOINT WARNING * * *
The gnoll hits you from afar with a +0 spear.
* * * LOW HITPOINT WARNING * * *
A red film seems to cover your vision as you go berserk!
You feel yourself moving faster!
You feel mighty!
A scorpion comes into view.
The gnoll hits you but does no damage.
The gnoll sergeant hits you from afar with a +1 spear of venom.
* * * LOW HITPOINT WARNING * * *
The orc hits you but does no damage. x2; The gnoll barely misses you.
The gnoll hits you but does no damage.
You struggle against the net.
You feel a strong urge to attack something.
The gnoll hits you but does no damage.
The gnoll sergeant hits you from afar with a +1 spear of venom!
You die...

##############.
#.......$.....?
.............##
.......g.g....#
.........g....#
......o@g.....#
.......ooo.....
.......o.o.....
...........<...
...o...........
#..............
###.....s......
....#.....#..


You could see an orc warrior, a gnoll sergeant, a scorpion, an orc priest, 3
gnolls and 5 orcs.

Vanquished Creatures
  A sky beast (D:5)
  2 ogres
  A phantom (D:5)
  A scorpion (D:5)
  A howler monkey (D:5)
  A hound (D:5)
  4 jellies
  An iguana (D:5)
  An orc wizard (D:3)
  Terence (D:3)
  Robin (D:3)
  2 gnolls (D:5)
  11 adders
  A shadow imp (D:4)
  A white imp (D:5)
  3 worms
  3 dart slugs
  13 orcs
  7 endoplasms
  11 giant cockroaches
  14 goblins
  10 hobgoblins
  7 jackals
  7 quokkas
  14 ball pythons
  4 bats
  7 frilled lizards
  6 kobolds
  13 rats
149 creatures vanquished.

Notes
Turn   | Place    | Note
-------+----------+-------------------------------------------
     0 | D:1      | Peloso the Minotaur Fighter began the quest for the Orb.
     0 | D:1      | Reached XP level 1. HP: 19/19 MP: 0/0
   110 | D:1      | Reached XP level 2. HP: 27/27 MP: 1/1
   331 | D:1      | Found a faded altar of an unknown god.
   792 | D:1      | Reached XP level 3. HP: 33/33 MP: 2/2
   978 | D:1      | Reached skill level 3 in Long Blades
  1166 | D:2      | You fall into a shaft and drop 1 floor!
  1196 | D:3      | Noticed Terence
  1209 | D:3      | Killed Terence
  1425 | D:3      | Reached XP level 4. HP: 31/41 MP: 3/3
  1443 | D:3      | Reached skill level 4 in Long Blades
  1567 | D:3      | Reached XP level 5. HP: 41/47 MP: 4/4
  1658 | D:3      | Noticed Robin
  1676 | D:3      | Killed Robin
  2409 | D:2      | Reached skill level 1 in Dodging
  2988 | D:4      | Reached XP level 6. HP: 53/53 MP: 5/5
  2999 | D:4      | Identified the amulet "Zoyg Pos" {RegenMP Rampage Fly
                  | rPois}
  3029 | D:4      | Reached skill level 5 in Long Blades
  3159 | D:4      | Found a staircase to the Ecumenical Temple.
  3165 | Temple   | Entered the Ecumenical Temple
  3636 | D:5      | Entered Level 5 of the Dungeon
  3637 | D:5      | Found a glowing drain.
  3654 | D:5      | Reached skill level 5 in Armour
  3668 | Sewer    | Entered a sewer
  3803 | Sewer    | Reached skill level 5 in Fighting
  3880 | Sewer    | Found a viscous altar of Jiyva.
  4079 | D:4      | Reached skill level 6 in Long Blades
  4079 | D:4      | Reached XP level 7. HP: 26/61 MP: 6/6
  4902 | D:5      | Reached skill level 7 in Long Blades
  4902 | D:5      | Reached skill level 5 in Shields
  5263 | D:6      | HP: 4/93 [gnoll sergeant (4)]
  5264 | D:6      | Slain by a gnoll sergeant

Illustrated notes

Levels and vault maps discovered:
D:1:      tarquinn_simple_flora_water_e, layout_basic,
          hellmonk_ecumenical_altar_inner_sanctum
D:2:      layout_rooms
D:3:      layout_loops_ring, uniq_terence, uniq_robin
D:4:      layout_rooms, minmay_temple_entry_enclosed_plants
D:5:      layout_rooms, portal_sewer_entry_f
D:6:      layout_rooms, mainiacjoe_overflow_alcove_3
Temple:   nicolae_temple_figure_eight

Skill      XL: |  1  2  3  4  5  6  7 |
---------------+----------------------+-----
Fighting       | 4 5 |  5.9
Armour         | 4 5 6 |  6.3
Long Blades    | 3 4 6 7 |  7.3
Shields        | 4 5 |  5.0
Dodging        | 1 2 |  2.3

Action                   |  1- 3 |  4- 6 |  7- 9 || total
-------------------------+-------+-------+-------++-------
Melee: Long sword        |    81 |   196 |    59 ||   336
       Headbutt          |     9 |    30 |    10 ||    49
  Use: Scroll            |       |     7 |       ||     7
       Potion            |       |       |     2 ||     2
Armor: Scale mail        |    37 |    41 |       ||    78
       Chain mail        |       |    39 |    39 ||    78
Dodge: Dodged            |    26 |    85 |    25 ||   136
Block: Buckler           |    29 |    83 |    13 ||   125
       Reflection        |       |     1 |       ||     1

Table legend: (Time is in decaauts)
 A = Elapsed time spent in this place.
 B = Non-inter-level travel time spent in this place.
 C = Inter-level travel time spent in this place.
 D = Time resting spent in this place.
 E = Time spent auto-exploring this place.
 F = Levels seen in this place.
 G = Mean time per level.
                   A        B        C        D        E       F      G
               +--------+--------+--------+--------+--------+-----+--------+
         Total |   5338 |   5253 |     85 |    269 |   3849 |   8 |  667.2 |
       Dungeon |   4698 |   4613 |     85 |    269 |   3408 |   6 |  783.0 |
        Temple |    248 |    248 |      0 |      0 |    201 |   1 |  248.0 |
         Sewer |    391 |    391 |      0 |      0 |    240 |   1 |  391.0 |
               +--------+--------+--------+--------+--------+-----+--------+

Top non-repeatable levels by time:
     D:3: 1155 daAuts
     D:1: 1134 daAuts
     D:5: 1065 daAuts
     D:2: 692 daAuts
     D:4: 640 daAuts
   Sewer: 391 daAuts
  Temple: 248 daAuts
     D:6: 9 daAuts
